 Dungeon Crawl Stone Soup version 0.30-a0-728-gc68057be0a (webtiles) character file.

Game seed: 5291075463338146772

1516 Dittersdorf the Shield-Bearer (level 8, -8/52 HPs)
             Began as a Gargoyle Fighter on Jan 31, 2023.
             Was a Follower of Okawaru.
             Killed from afar by a steam dragon (11 damage)
             ... with a ball of steam
             ... on level 6 of the Dungeon.
             The game lasted 00:05:43 (5341 turns).

Dittersdorf the Shield-Bearer (Gargoyle Fighter)    Turns: 5341, Time: 00:05:43

Health: -8/52      AC: 18    Str: 25    XL:     8   Next: 83%
Magic:  8/8        EV:  9    Int:  9    God:    Okawaru [*.....]
Gold:   282        SH:  5    Dex: 13    Spells: 7/7 levels left

rFire   . . .      SeeInvis .    t - +0 mace "Ulexidut" {freeze, rN+ Str+3 Dex+4}
rCold   . . .      Faith    .    c - +0 buckler
rNeg    + + .      Spirit   .    b - +0 scale mail
rPois   ∞          Reflect  .    l - +0 helmet
rElec   +          Harm     .    (no cloak)
rCorr   .          Rampage  .    (no gloves)
Will    .....                    (no boots) Stlth
                                 n - amulet of magic regeneration
HPRegen 0.28/turn                m - +4 ring of protection
MPRegen 0.51/turn                (no ring)

@: no status effects
A: sickness immunity, AC +5, negative energy resistance 1, electricity
resistance, torment resistance 1, petrification resistance
a: Renounce Religion, Heroism


You were on level 6 of the Dungeon.
You worshipped Okawaru.
Okawaru was aware of your devotion.
You visited 2 branches of the dungeon, and saw 7 of its levels.

You collected 282 gold pieces.

Inventory:

Hand Weapons
 a - a +0 flail
 t - the +0 mace "Ulexidut" (weapon) {freeze, rN+ Str+3 Dex+4}
   (You took it off an orc wizard on level 4 of the Dungeon)

   Str:       It affects your strength (+3).
   Dex:       It affects your dexterity (+4).
   rN:        It protects you from negative energy.
Missiles
 h - 20 poisoned darts (quivered)
Armour
 b - a +0 scale mail (worn)
 c - a +0 buckler (worn)
 l - a +0 helmet (worn)
Jewellery
 m - a +4 ring of protection (left hand)
 n - an amulet of magic regeneration (around neck)
Wands
 r - a wand of flame (17)
 u - a wand of iceblast (10)
Scrolls
 f - a scroll of poison {unknown}
 i - 4 scrolls of fear {unknown}
 j - 2 scrolls of teleportation {unknown}
 o - a scroll of enchant weapon {unknown}
 p - 2 scrolls of immolation {unknown}
 q - a scroll of blinking {unknown}
 s - a scroll of noise {unknown}
 v - a scroll of enchant armour {unknown}
Potions
 d - 4 potions of might
 e - 4 potions of curing
 g - a potion of mutation {unknown}
 k - 2 potions of flight
 w - a potion of resistance
 x - a potion of brilliance


   Skills:
 + Level 6.7 Fighting
 + Level 5.7 Maces & Flails
 + Level 6.6 Armour
 + Level 6.7 Shields


You had 7 spell levels left.
You didn't know any spells.
Your spell library contained the following spells:

 Spells                   Type           Power      Damage    Failure   Level
 Shock                    Conj/Air       0%         1d3       75%         1
 Swiftness                Air            0%         N/A       98%         3
 Airstrike                Air            0%         2d(0-16)  100%        4
 Alistair's Intoxication  Tmut/Pois      0%         N/A       100%        5
 Borgnjor's Vile Clutch   Necr/Erth      0%         N/A       100%        5
 Eringya's Noxious Bog    Tmut/Pois      0%         N/A       100%        6


Dungeon Overview and Level Annotations

Branches:
Dungeon (6/15)             Temple (1/1) D:5

Altars:
Cheibriados
Dithmenos
Elyvilon
Fedhas
Gozag
Kikubaaqudgha
Makhleb
Okawaru
Qazlal
Ru
Sif Muna
Trog
Uskayaw
Vehumet
Wu Jian
Xom
Yredelemnul
The Shining One

Shops:
D:5 [*

Annotations:
D:3 3 runed translucent doors, Crazy Yiuf
D:5 2 transporters, Darkkill's ghost, novice MiHu


Innate Abilities, Weirdness & Mutations

You are immune to sickness and miasma.
Your stone body is resilient. (AC +5)
You are immune to poison.
You resist negative energy. (rN+)
You are resistant to electric shocks. (rElec)
You are resistant to unholy torment.
You are immune to petrification.


Message History

The steam dragon is heavily wounded.
You block the steam dragon's attack. The steam dragon claws you.
* * * LOW HITPOINT WARNING * * *
The steam dragon breathes steam at you. The ball of steam misses you.
You closely miss the steam dragon.
The steam dragon is heavily wounded.
You are engulfed in a cloud of scalding steam.
* * * LOW HITPOINT WARNING * * *
The steam dragon bites you but does no damage.
The steam dragon barely misses you. The steam dragon bites you!
* * * LOW HITPOINT WARNING * * *
The steam dragon closely misses you. The steam dragon bites you.
* * * LOW HITPOINT WARNING * * *
You block the steam dragon's attack.
You hit the steam dragon but do no damage.
The steam dragon is heavily wounded.
The steam dragon barely misses you. x2
You hit the steam dragon. You freeze the steam dragon.
The steam dragon is severely wounded.
The steam dragon bites you but does no damage.
The steam dragon claws you but does no damage.
You barely miss the steam dragon.
The steam dragon is severely wounded.
You block the steam dragon's attack.
The steam dragon claws you but does no damage.
You closely miss the steam dragon.
The steam dragon is severely wounded.
The steam dragon bites you but does no damage.
The steam dragon claws you but does no damage.
You hit the steam dragon. You freeze the steam dragon.
The steam dragon is almost dead.
The steam dragon bites you but does no damage.
You block the steam dragon's attack.
You hit the steam dragon but do no damage.
The steam dragon is almost dead.
The steam dragon breathes steam at you. The ball of steam hits you!
You die...

####.######.####.##
## #.# ### #.# #.#
#.# #.# #+# ##.#
#..### #.##.##
#.#..D####
#....@...+
#.#...#### #######


You could see a steam dragon (catching breath).

Vanquished Creatures
  A water moccasin (D:6)
  An ice beast (D:6)
  A black bear (D:5)
  An ogre (D:6)
  5 scorpions
  2 howler monkeys
  A jelly (D:5)
  7 hounds
  3 orc priests
  A gnoll bouda (D:5)
  4 iguanas
  3 orc wizards
  4 gnolls (D:5)
  9 adders
  3 shadow imps
  An ufetubus (D:4)
  2 worms
  3 dart slugs
  10 orcs
  8 endoplasms
  5 giant cockroaches
  4 goblins
  6 hobgoblins
  4 jackals (D:1)
  3 quokkas
  3 ball pythons
  3 bats
  A frilled lizard (D:1)
  4 kobolds
  6 rats
109 creatures vanquished.

Vanquished Creatures (others)
  A plant (D:4)
1 creature vanquished.

Grand Total: 110 creatures vanquished

Notes
Turn   | Place    | Note
-------+----------+-------------------------------------------
     0 | D:1      | Dittersdorf the Gargoyle Fighter began the quest for the
                  | Orb.
     0 | D:1      | Reached XP level 1. HP: 14/14 MP: 1/1
    91 | D:1      | Reached XP level 2. HP: 19/19 MP: 2/2
   663 | D:1      | Reached XP level 3. HP: 23/23 MP: 3/3
   887 | D:2      | Reached XP level 4. HP: 26/29 MP: 4/4
  1093 | D:2      | Found a faded altar of an unknown god.
  1297 | D:3      | Found a large runed translucent door.
  1297 | D:3      | Found a large runed translucent door.
  1297 | D:3      | Found a shimmering altar of Xom.
  1579 | D:3      | Found a runed translucent door.
  1580 | D:3      | Noticed Crazy Yiuf
  1655 | D:3      | Found a burning altar of Makhleb.
  1696 | D:3      | Reached XP level 5. HP: 31/33 MP: 5/5
  2129 | D:4      | Found a hide-covered altar of Uskayaw.
  2429 | D:4      | Reached XP level 6. HP: 36/39 MP: 6/6
  2893 | D:4      | Found a white marble altar of Elyvilon.
  3093 | D:4      | Identified the +0 mace "Ulexidut" {freeze, rN+ Str+3 Dex+4}
  3108 | D:4      | Reached skill level 5 in Fighting
  3108 | D:4      | Reached skill level 5 in Shields
  3123 | D:5      | Entered Level 5 of the Dungeon
  3123 | D:5      | Found Rics's Assorted Antiques.
  3129 | D:5      | Reached skill level 5 in Armour
  3129 | D:5      | Reached XP level 7. HP: 44/44 MP: 7/7
  3327 | D:5      | Found a staircase to the Ecumenical Temple.
  3336 | Temple   | Entered the Ecumenical Temple
  3410 | Temple   | Became a worshipper of Warmaster Okawaru
  3488 | D:5      | Found Qokkur's Armour Emporium.
  3796 | D:5      | Reached XP level 8. HP: 34/51 MP: 8/8
  4029 | D:5      | Found a transporter.
  4032 | D:5      | Found a transporter.
  4033 | D:5      | Noticed Darkkill's ghost (novice MiHu)
  4499 | D:6      | Reached skill level 5 in Maces & Flails
  4603 | D:6      | Reached * piety under Okawaru
  4898 | D:6      | Found a sacrificial altar of Ru.
  5334 | D:6      | HP: 2/52 [steam dragon (9)]
  5341 | D:6      | Killed from afar by a steam dragon

Illustrated notes

Levels and vault maps discovered:
D:1:      ncdulo_smallfort, layout_loops_ring
D:2:      layout_rooms, hellmonk_ecumenical_altar_arch_garden,
          minmay_fractal_squares_5
D:3:      due_chaos_kobolds, layout_loops_cross, nicolae_overflow_crystal_walls,
          uniq_crazy_yiuf_cottage
D:4:      layout_basic, mainiacjoe_overflow_24_doors, elyvilon_altar_1,
          chequers_serial_rivers_micro_c
D:5:      layout_cave_pods, minmay_temple_entry_crystal_x, serial_shops,
          nicolae_shop_behind_doors, gammafunk_ghost_mausoleum,
          nicolae_stop_n_shop_2, chequers_serial_rivers_marsh
D:6:      layout_loops_corners, mainiacjoe_overflow_concentric_impassable,
          nicolae_overflow_hidden_temple
Temple:   jpeg_temple_clearing

Skill      XL: |  1  2  3  4  5  6  7  8 |
---------------+-------------------------+-----
Shields        | 4 5 6 |  6.7
Fighting       | 4 5 6 |  6.7
Maces & Flails | 3 4 5 |  5.7
Armour         | 4 5 6 |  6.6

Action                     |  1- 3 |  4- 6 |  7- 9 || total
---------------------------+-------+-------+-------++-------
  Melee: Flail             |   114 |   195 |       ||   309
         Mace              |       |     3 |   184 ||   187
    Use: Scroll            |       |       |     4 ||     4
 Armour: Scale mail        |    70 |   138 |   118 ||   326
  Dodge: Dodged            |    61 |   102 |    86 ||   249
  Block: Buckler           |    24 |    39 |    48 ||   111

Table legend: (Time is in decaauts)
 A = Elapsed time spent in this place.
 B = Non-inter-level travel time spent in this place.
 C = Inter-level travel time spent in this place.
 D = Time resting spent in this place.
 E = Time spent auto-exploring this place.
 F = Levels seen in this place.
 G = Mean time per level.
                   A        B        C        D        E       F      G
               +--------+--------+--------+--------+--------+-----+--------+
         Total |   5472 |   5281 |    191 |    515 |   3716 |   7 |  781.7 |
       Dungeon |   5374 |   5205 |    169 |    515 |   3661 |   6 |  895.7 |
        Temple |     97 |     75 |     22 |      0 |     55 |   1 |   97.0 |
               +--------+--------+--------+--------+--------+-----+--------+

Top non-repeatable levels by time:
     D:5: 1251 daAuts
     D:3: 967 daAuts
     D:4: 920 daAuts
     D:6: 872 daAuts
     D:1: 807 daAuts
     D:2: 555 daAuts
  Temple: 97 daAuts
